 Dungeon Crawl Stone Soup version 0.28-a0-422-gd71735cc25 (webtiles) character file.

Game seed: 13593506317577938583

51 robertstho the Magician (level 4, -1/31 HPs)
             Began as a Djinni Fire Elementalist on Sept 8, 2021.
             Slain by Terence (15 damage)
             ... on level 2 of the Dungeon.
             The game lasted 00:02:25 (2539 turns).

robertstho the Magician (Djinni Fire Elementalist)  Turns: 2539, Time: 00:02:26

Health: -1/31      AC:  3    Str:  7    XL:     4   Next: 7%
Gold:   101        EV: 12    Int: 17    God:
                   SH:  0    Dex: 14

rFire   + . .      SeeInvis .   p - +0 dagger (venom)
rCold   . . .      Faith    .   (no shield)
rNeg    . . .      Spirit   .   a - +0 robe
rPois   ∞          Reflect  .   (no helmet)
rElec   .          Harm     .   (no cloak)
rCorr   .          Rampage  .   o - +0 pair of gloves
Will    .....                   (boots unavailable)
Stlth   ++........              (no amulet)
HPRegen 0.10/turn               i - ring of ice
MPRegen 0.00/turn               (no ring)

@: flying
A: sickness immunity, fire resistance 2, cold vulnerability 1, float, innate
caster, hp casting, extra vitality 1
a: no special abilities


You were on level 2 of the Dungeon.
You visited 1 branch of the dungeon, and saw 2 of its levels.

You collected 101 gold pieces.

Inventory:

Hand Weapons
 p - a +0 dagger of venom (weapon)
Armour
 a - a +0 robe (worn)
 o - a +0 pair of gloves (worn)
Jewellery
 i - a ring of ice (left hand)
Scrolls
 c - 2 scrolls of amnesia {unknown}
 d - a scroll of teleportation {unknown}
 f - a scroll of enchant armour {unknown}
 g - a scroll of fog {unknown}
 k - a scroll of brand weapon {unknown}
 n - a scroll of identify {unknown}
Potions
 b - a potion of ambrosia
 e - 2 potions of flight {unknown}
 h - 2 potions of curing {unknown}
 j - 2 potions of mutation {unknown}
 l - a potion of magic {unknown}
 m - a potion of might {unknown}


   Skills:
 * Level 0.4 Fighting
 + Level 2.5 Dodging
 + Level 1.8 Stealth
 * Level 3.3 Spellcasting


You couldn't memorise any spells.
You knew the following spells:

 Your Spells              Type           Power      Damage    Failure   Level
a - Foxfire               Conj/Fire      56%        2x1d6     4%          1
b - Scorch                Fire           28%        2d6       6%          2
c - Conjure Flame         Conj/Fire      14%        6-21      13%         3
d - Inner Flame           Hex/Fire       14%        N/A       13%         3
e - Flame Wave            Conj/Fire      14%        3d5       38%         4
f - Apportation           Tloc           28%        N/A       4%          1
Your spell library was empty.

Dungeon Overview and Level Annotations

Branches:
Dungeon (2/15)

Altars:

Annotations:
D:2 Terence


Innate Abilities, Weirdness & Mutations

You are immune to sickness and miasma.
You are immune to poison.
Your flesh is very heat resistant. (rF++)
You are vulnerable to cold. (rC-)
You float through the air rather than walking.
You learn spells naturally, not from books.
Your magical power is your life essence.
You have superior vitality. (+4 HP)


Message History

Terence is moderately wounded.
The foxfire hits Terence.
Terence is moderately wounded.
Terence drinks a potion.
Terence goes berserk!
Casting: Foxfire (safe; 4% risk of failure)
Press: ? - help, Q - select action, (/) - cycle Dir - look around, f - activate You conjure some foxfire!
Unknown command.
Casting: Foxfire (safe; 4% risk of failure)
Press: ? - help, Q - select action, (/) - cycle Dir - look around, f - activate You conjure some foxfire!
The foxfire hits Terence but does no damage.
Terence is moderately wounded.
The foxfire hits Terence but does no damage.
Terence is moderately wounded.
The foxfire hits Terence.
Terence is moderately wounded.
The foxfire hits Terence but does no damage.
Terence is moderately wounded.
The foxfire hits Terence.
Terence is heavily wounded.
The foxfire hits Terence but does no damage.
Terence is heavily wounded.
Casting: Foxfire (safe; 4% risk of failure)
Confirm with . or Enter, or press ? or * to list all spells.
Flames lash Terence.
Terence is severely wounded.
Terence's fire resistance burns away.
Terence closely misses you.
Casting: Scorch (safe; 6% risk of failure)
Confirm with . or Enter, or press ? or * to list all spells.
Flames lash Terence.
Terence is burned terribly!
Terence is almost dead.
Terence hits you with a +0 flail. Terence closely misses you.
Unknown command.
Casting: Scorch (safe; 6% risk of failure)
Confirm with . or Enter, or press ? or * to list all spells.
Flames lash Terence.
Terence is almost dead.
Terence hits you with a +0 flail!
You die...

.......########.....#......###
.....### ###..##.###### ......###
#.#...# ........###### #.#.### #
.....##......####.#.# #
.....#######...##.#.# # ######
###.#....# ## #.#..### #.
######.#@.# ##. #......@..# #.)
#.........## ##.#
#..........##### #<.#
#####.###......#######...
#..####..##..........#
############.##>...#########.####
.............................#
...............###############


You could see Terence (berserk, inflammable).

Vanquished Creatures
  A worm (D:2)
  A dart slug (D:1)
  3 ball pythons
  5 endoplasms
  8 goblins
  9 hobgoblins
  2 jackals (D:1)
  2 kobolds
  2 ball python zombies (D:1)
  3 bats (D:2)
  A frilled lizard (D:1)
  3 rats (D:1)
40 creatures vanquished.

Vanquished Creatures (others)
  185 foxfires
185 creatures vanquished.

Grand Total: 225 creatures vanquished

Notes
Turn   | Place    | Note
-------+----------+-------------------------------------------
     0 | D:1      | robertstho the Djinni Fire Elementalist began the quest for
                  | the Orb.
     0 | D:1      | Reached XP level 1. HP: 15/15 MP: 0/0
   743 | D:1      | Reached XP level 2. HP: 17/21 MP: 0/0
  1569 | D:1      | Reached XP level 3. HP: 20/25 MP: 0/0
  1569 | D:1      | Learned a level 1 spell: Apportation
  1758 | D:2      | Reached skill level 3 in Spellcasting
  2312 | D:2      | Reached XP level 4. HP: 16/31 MP: 0/0
  2325 | D:2      | Noticed Terence
  2539 | D:2      | Slain by Terence

Illustrated notes

Levels and vault maps discovered:
D:1:      saegor_arrival_fortress, layout_loops_corners
D:2:      layout_rooms, minmay_indecisive_spiral, uniq_robin, uniq_natasha,
          uniq_terence, uniq_crazy_yiuf_cottage

Skill      XL: |  1  2  3 |
---------------+----------+-----
Spellcasting   | 3 |  3.3
Fighting       | |  0.4
Dodging        | |  2.5
Stealth        | |  1.8

Action                   |  1- 3 |  4- 6 || total
-------------------------+-------+-------++-------
 Cast: Foxfire           |   102 |    13 ||   115
       Scorch            |       |     4 ||     4
  Use: Potion            |       |     1 ||     1
Armor: Robe              |     2 |     1 ||     3
Dodge: Dodged            |     9 |     4 ||    13

Table legend: (Time is in decaauts)
 A = Elapsed time spent in this place.
 B = Non-inter-level travel time spent in this place.
 C = Inter-level travel time spent in this place.
 D = Time resting spent in this place.
 E = Time spent auto-exploring this place.
 F = Levels seen in this place.
 G = Mean time per level.
                   A        B        C        D        E       F      G
               +--------+--------+--------+--------+--------+-----+--------+
         Total |   2538 |   2507 |     31 |    164 |   2070 |   2 | 1269.0 |
       Dungeon |   2538 |   2507 |     31 |    164 |   2070 |   2 | 1269.0 |
               +--------+--------+--------+--------+--------+-----+--------+

Top non-repeatable levels by time:
     D:1: 1878 daAuts
     D:2: 660 daAuts
